 Dungeon Crawl Stone Soup version 0.27-a0-531-gb72ec1a1b6 (webtiles) character file.

Game seed: 10110142821782678887

43998 porpoise the Carver (level 14, -4/103 HPs)
             Began as an Octopode Fighter on Mar 6, 2021.
             Was an Initiate of Gozag.
             Killed from afar by Frances (44 damage)
             ... with an iron shot
             ... on level 13 of the Dungeon.
             The game lasted 01:55:51 (28873 turns).

porpoise the Carver (Octopode Fighter)             Turns: 28873, Time: 01:56:03

Health: -4/103     AC:  9    Str: 18    XL:     14   Next: 26%
Magic:  14/14      EV: 21    Int: 17    God:    Gozag
Gold:   734        SH: 13    Dex: 22    Spells: 11/13 levels left

rFire    + . .     SeeInvis .   a - +2 scimitar (flame)
rCold    . . .     Faith    .   d - +1 kite shield
rNeg     . . .     Spirit   .   (helmet restricted)
rPois    +         Reflect  .   (no amulet)
rElec    .         Harm     .   o - +4 ring of protection
rCorr    +         Rampage  .   t - ring of willpower
Will     ++...                  (no ring)
Stlth    +++++++...             M - ring of resist corrosion
HPRegen  0.27/turn              R - +6 ring of strength
MPRegen  0.14/turn              i - ring of protection from fire
                                N - ring "Zoij Vadi" {rPois Str-4 Int+6 Dex+7 Stlth+}
                                x - +4 ring of protection

@: no status effects
A: almost no armour, amphibious, 8 rings, constrict 8, camouflage 1, gelatinous
body 1, nimble swimmer 1
a: Renounce Religion, Potion Petition, Call Merchant, Bribe Branch


You were on level 13 of the Dungeon.
You worshipped Gozag.
Gozag was pleased with you.
You visited 2 branches of the dungeon, and saw 18 of its levels.

You collected 5322 gold pieces.
You spent 2303 gold pieces at shops.
You paid 2285 gold pieces to Gozag.

Inventory:

Hand Weapons
 a - a +2 scimitar of flaming (weapon)
 b - the +6 hand crossbow of Courage {freeze, rF+ SInv}
   (You bought it in a shop on level 7 of the Dungeon)

   It causes projectiles fired from it to freeze those they strike, causing
   extra injury to most foes and up to half again as much damage against
   particularly susceptible opponents.
   They can also slow down cold-blooded creatures.
   It protects you from fire.
   It lets you see invisible.
 n - a +1 eveningstar
 w - the +4 rapier of Conflict {vorpal, Str+4}
   (You found it on level 4 of the Lair of Beasts)

   It inflicts extra damage upon your enemies.
   It affects your strength (+4).
Missiles
 m - a boomerang of dispersal (quivered)
 r - 63 bolts
 B - 2 boomerangs
 D - 3 curare-tipped darts
 P - 11 javelins
Armour
 d - a +1 kite shield (worn)
Jewellery
 g - a ring of ice
 i - a ring of protection from fire (on tentacle)
 o - a +4 ring of protection (left tentacle)
 t - a ring of willpower (right tentacle)
 x - a +4 ring of protection (on tentacle)
 M - a ring of resist corrosion (on tentacle)
 N - the ring "Zoij Vadi" (on tentacle) {rPois Str-4 Int+6 Dex+7 Stlth+}
   (You bought it in a shop on level 1 of the Lair of Beasts)

   [ring of intelligence]

   It affects your strength (-4).
   It affects your intelligence (+6).
   It affects your dexterity (+7).
   It protects you from poison.
   It makes you more stealthy.
 R - a +6 ring of strength (on tentacle)
Wands
 f - a wand of iceblast (15)
 v - a wand of digging (5)
 y - a wand of charming (8)
 E - a wand of flame (54)
 F - a wand of paralysis (4)
 T - a wand of mindburst (12)
Scrolls
 j - a scroll of fear
 k - 3 scrolls of fog
 u - 2 scrolls of magic mapping
 C - 3 scrolls of teleportation
 I - a scroll of summoning
 Y - 2 scrolls of silence
Potions
 c - 3 potions of might
 e - 3 potions of heal wounds
 h - 3 potions of attraction
 l - 8 potions of lignification
 p - 4 potions of curing
 s - 3 potions of haste
 z - 3 potions of resistance
 A - 3 potions of cancellation
 G - 6 potions of ambrosia
 H - 2 potions of berserk rage
 K - 2 potions of invisibility
Miscellaneous
 q - a lightning rod (4/4)


   Skills:
 - Level 12.0 Fighting
 - Level 12.0 Long Blades
 - Level 0.2 Slings
 + Level 6.0 Crossbows
 - Level 12.0 Dodging
 + Level 9.8 Stealth
 - Level 9.0 Shields
 + Level 6.7 Evocations


You had 11 spell levels left.
You knew the following spells:

 Your Spells              Type           Power      Damage    Failure   Level
k - Blink                 Tloc           N/A        N/A       58%         2

Your spell library contained the following spells:

 Spells                   Type           Power      Damage    Failure   Level
 Animate Skeleton         Necr           0%         N/A       45%         1
 Corona                   Hex            0%         N/A       45%         1
 Magic Dart               Conj           0%         1d3       45%         1
 Sting                    Tmut/Pois      0%         1d3       45%         1
 Call Imp                 Summ           0%         N/A       58%         2
 Ensorcelled Hibernation  Hex/Ice        0%         N/A       58%         2
 Slow                     Hex            0%         N/A       58%         2
 Confusing Touch          Hex            0%         N/A       83%         3
 Conjure Flame            Conj/Fire      0%         6-21      83%         3
 Dazzling Flash           Conj/Hex       0%         N/A       83%         3
 Mephitic Cloud           Conj/Pois/Air  0%         N/A       83%         3
 Tukima's Dance           Hex            0%         N/A       83%         3
 Iskenderun's Mystic Bla  Conj/Tloc      0%         2d3       99%         4
 Sticky Flame             Conj/Fire      0%         2d3       99%         4
 Fireball                 Conj/Fire      0%         3d3       100%        5
 Iskenderun's Battlesphe  Conj           0%         2d6       100%        5


Dungeon Overview and Level Annotations

Branches:
Dungeon (13/15)            Temple (0/1) D:6            Lair (5/6) D:9
  Swamp (0/4) Lair:3       Spider (0/4) Lair:4        Slime (0/5) Lair:5
    Orc (0/2) D:10
 Vaults: D:13-14

Altars:
Cheibriados
Dithmenos
Elyvilon
Gozag
Kikubaaqudgha
Makhleb
Nemelex Xobeh
Qazlal
Ru
Sif Muna
Trog
Vehumet
Yredelemnul
Zin
The Shining One
Jiyva

Shops:
D:7 (   Lair:1 ==*

Annotations:
D:5 4 transporters, dickylongcocking's ghost, novice MfGl
D:8 1 runed translucent door-potions, Demosthentine's ghost, novice MfGl
D:10 mini hellion island, exclusion: downstairs
D:13 Frances
Lair:1 exclusion: downstairs
Lair:4 exclusion: downstairs
Lair:5 1 runed translucent door


Innate Abilities, Weirdness & Mutations

You cannot wear most types of armour.
You are amphibious.
You can wear up to eight rings at the same time.
You can use your tentacles to constrict eight enemies at once.
Your skin changes colour to match your surroundings (Stealth+).
Your rubbery body absorbs attacks. (AC +1, EV +1)
You are stealthy while swimming. (Stealth+)


Message History

a - a +2 scimitar of flaming (weapon)
You block Frances's attack.
Things that are here:
24 gold pieces; a +0 mace; a bolt You closely miss Frances.
You grab Frances. You squeeze Frances, but do no damage.
You constrict Frances, but do no damage.
You block Frances's attack.
You slash Frances! You burn Frances.
Frances is lightly wounded.
You constrict Frances. You hit Frances. You burn Frances. You squeeze Frances.
Frances is lightly wounded.
You constrict Frances, but do no damage.
You block Frances's attack.
You slash Frances! You burn Frances. You squeeze Frances, but do no damage.
Frances is moderately wounded.
You constrict Frances.
Frances chants phrases taken from a devil's mouth.
Frances seems to speed up.
The gargoyle hurls a stone arrow at you.
The stone arrow misses you.
You slash Frances! You burn Frances.
Frances is heavily wounded.
You constrict Frances. Frances completely misses you.
You riposte.
You hit Frances. You burn Frances. You squeeze Frances, but do no damage.
Frances is heavily wounded.
The gargoyle closely misses you.
You hit Frances. You burn Frances. You squeeze Frances.
Frances is heavily wounded.
You constrict Frances! Frances hits you with a +0 glaive!!
You hit Frances. You burn Frances.
Frances is severely wounded.
You constrict Frances.
Frances chants phrases taken from a devil's mouth.
The iron shot hits you!! The gargoyle misses you.
Frances whispers indecipherable words.
The iron shot hits you!!!
You die...
Your body crumbles into a pile of gold.

*,* #............#.##......
*,*****##..#######..#.##$.....
*,*$,,,,#..#,,,,∩#.[...)(.....
*,*,,^,.#..#,,,,,#...)#####..#
*,*,,$..#..#.,,,,#......###..#
*,*,..(.+..+..,,,#..)........#
****,*,..(((..+,.,,,##.#.........
,,,,,**#####(.#######....#.####.#
,***,,,,,.(.(((@@...)...##.# #.#
,* *,,,,,...($.9......(.##.#**#.#
,* *,****''#..#++######.##..,,...
,* *,*,,,,,#.,*,,,,,**#.####**#.#
,* *,*,,,,,#,,*,,,,,**..#*****#.>
,* *,*,,,,,*,,*,,,,,**,##*,,,,...
,* *,*,,,,,*,,*,,,,,*,,,,,,,,,,,*
,* *,*$,,,,*,,*,,,,,**,***,******
,* *,*******,,********,* *,*


You could see Frances (fast) and a gargoyle.

Vanquished Creatures
  Gastronok (Lair:2)
  Fannar (D:12)
  5 hydras
  A catoblepas (D:12)
  A two-headed ogre (D:12)
  4 death yaks (Lair:3)
  Urug (D:13)
  Nergalle (D:11)
  A bog body (Lair:3)
  An unseen horror (D:10)
  Pikel (D:5)
  4 oklob plants (Lair:1)
  An ugly thing (D:12)
  2 cyclopes
  A centaur zombie (D:13)
  4 black mambas
  5 cane toads
  A gargoyle (D:13)
  A torpor snail (Lair:1)
  Psyche (D:11)
  4 rime drakes
  4 komodo dragons
  A tyrant leech (Lair:4)
  A queen bee (Lair:5)
  2 trolls
  3 meliai (Lair:5)
  Grinder (D:3)
  10 slime creatures
  8 blink frogs
  2 dream sheep
  A meliai zombie (D:12)
  Sigmund (D:3)
  A shadow (D:11)
  A centaur simulacrum (D:11)
  43 yaks
  2 wraiths (D:12)
  5 basilisks
  2 wargs (D:10)
  An acid dragon (D:12)
  A soldier ant (D:12)
  3 swamp worms (Lair:4)
  10 water moccasins
  4 ice beasts
  An eye of draining (D:12)
  5 orc warriors
  2 sky beasts
  7 black bears
  5 ogres
  2 centaurs
  3 lemures (D:5)
  3 phantoms
  4 kobold brigands
  26 bullfrogs
  A wyvern zombie (D:10)
  3 wyvern skeletons
  6 scorpions
  A water moccasin skeleton (D:6)
  27 killer bees
  4 howler monkeys
  3 wights (D:7)
  3 bullfrog zombies
  7 hounds
  2 quasits (D:9)
  6 orc priests
  2 jellies
  2 centaur skeletons
  5 bullfrog skeletons
  7 orc wizards
  Ijyb (D:3)
  2 iguanas
  6 worker ants
  A howler monkey zombie (D:7)
  10 gnolls
  2 worker ant zombies
  18 adders
  A howler monkey skeleton (D:10)
  2 shadow imps
  5 white imps
  An ufetubus (D:8)
  An ooze (D:6)
  An adder skeleton (D:5)
  3 dart slugs
  6 leopard geckos
  39 orcs
  3 giant cockroaches
  9 goblins
  11 hobgoblins
  8 jackals
  33 kobolds
  7 quokkas
  5 ball pythons
  8 bats
  5 frilled lizards
  2 leopard gecko zombies
  2 quokka skeletons (D:4)
  3 rats (D:1)
  A spectral orc (D:3)
482 creatures vanquished.

Vanquished Creatures (collateral kills)
  A troll (D:12)
  An eye of draining (D:12)
  A bullfrog zombie (D:12)
  An iguana (D:12)
4 creatures vanquished.

Vanquished Creatures (others)
  71 fungi
  79 plants
150 creatures vanquished.

Grand Total: 636 creatures vanquished

Notes
Turn   | Place    | Note
-------+----------+-------------------------------------------
     0 | D:1      | porpoise the Octopode Fighter began the quest for the Orb.
     0 | D:1      | Reached XP level 1. HP: 16/16 MP: 1/1
   190 | D:1      | Reached XP level 2. HP: 21/21 MP: 2/2
   200 | D:1      | Reached skill level 1 in Stealth
   598 | D:1      | You fall into a shaft and drop 1 floor!
   666 | D:2      | Reached XP level 3. HP: 26/26 MP: 3/3
   749 | D:2      | Found a faded altar of an unknown god.
  1924 | D:2      | Reached XP level 4. HP: 31/32 MP: 4/4
  2081 | D:2      | Found a radiant altar of Vehumet.
  2081 | D:2      | Found an ancient bone altar of Kikubaaqudgha.
  2083 | D:2      | Found a shimmering blue altar of Sif Muna.
  2091 | D:2      | Identified Kikubaaqudgha's Volume of Evil
  2141 | D:2      | Found a glowing silver altar of Zin.
  2238 | D:2      | Found an opulent altar of Gozag.
  2247 | D:2      | Became a worshipper of Gozag Ym Sagoz the Greedy
  2335 | D:3      | Noticed Sigmund
  2347 | D:3      | Killed Sigmund
  2348 | D:3      | Reached XP level 5. HP: 26/38 MP: 5/5
  2348 | D:3      | Reached XP level 6. HP: 30/44 MP: 6/6
  2506 | D:3      | Reached skill level 5 in Fighting
  2664 | D:3      | Found a glowing golden altar of the Shining One.
  2831 | D:3      | Noticed Grinder
  3135 | D:3      | Found a stormy altar of Qazlal.
  3139 | D:3      | Noticed Ijyb
  3153 | D:3      | Killed Ijyb
  3154 | D:3      | Reached skill level 5 in Long Blades
  3154 | D:3      | Reached XP level 7. HP: 47/50 MP: 7/7
  3483 | D:3      | Killed Grinder
  3601 | D:3      | Found a basalt altar of Yredelemnul.
  3751 | D:3      | Found a sacrificial altar of Ru.
  4915 | D:4      | Found a burning altar of Makhleb.
  4922 | D:4      | Reached skill level 5 in Dodging
  5067 | D:5      | Entered Level 5 of the Dungeon
  5133 | D:5      | Found a bloodstained altar of Trog.
  5148 | D:5      | Found a burning altar of Makhleb.
  5155 | D:5      | Found a snail-covered altar of Cheibriados.
  5299 | D:5      | Reached XP level 8. HP: 55/55 MP: 8/8
  5312 | D:5      | Found a transporter.
  5323 | D:5      | Found a transporter.
  5324 | D:5      | Noticed Pikel
  5592 | D:5      | Found a transporter.
  5592 | D:5      | Found a transporter.
  5594 | D:5      | Noticed dickylongcocking's ghost (novice MfGl)
  6044 | D:5      | Killed Pikel
  6045 | D:5      | Reached skill level 5 in Shields
  6372 | D:5      | Reached skill level 1 in Evocations
  6564 | D:5      | Reached XP level 9. HP: 56/61 MP: 9/9
  6703 | D:6      | Noticed a troll
  6714 | D:6      | Killed a troll
  7493 | D:6      | Found a staircase to the Ecumenical Temple.
  7806 | D:7      | Found Wixtena's Antique Weapon Shop.
  7815 | D:7      | Bought a transparent hand crossbow for 255 gold pieces
  7815 | D:7      | Identified the +6 hand crossbow of Courage {freeze, rF+
                  | SInv} (You bought it in a shop on level 7 of the Dungeon)
  9022 | D:8      | Learned a level 2 spell: Blink
  9111 | D:8      | Found a runed translucent door.
  9111 | D:8      | Noticed Demosthentine's ghost (novice MfGl)
  9143 | D:8      | Reached XP level 10. HP: 69/71 MP: 10/10
  9213 | D:8      | Found a white marble altar of Elyvilon.
  9333 | D:8      | Found a sparkling altar of Nemelex Xobeh.
  9971 | D:9      | Reached skill level 5 in Stealth
 10174 | D:9      | Found a staircase to the Lair.
 10784 | Lair:1   | Entered Level 1 of the Lair of Beasts
 10886 | Lair:1   | Noticed a black mamba
 11813 | D:9      | Reached XP level 11. HP: 49/75 MP: 11/11
 12225 | Lair:1   | Reached skill level 1 in Crossbows
 12696 | Lair:1   | Reached skill level 5 in Evocations
 12910 | Lair:1   | Noticed an oklob plant
 12911 | Lair:1   | Noticed an oklob plant
 12912 | Lair:1   | Noticed an oklob plant
 12913 | Lair:1   | Noticed an oklob plant
 13185 | Lair:1   | Bought a potion of heal wounds for 70 gold pieces
 13185 | Lair:1   | Bought a wand of iceblast (11) for 210 gold pieces
 13185 | Lair:1   | Bought a ring of protection from fire for 350 gold pieces
 13237 | D:10     | Entered Level 10 of the Dungeon
 13393 | D:10     | Found a staircase to the Orcish Mines.
 13827 | D:10     | Found a basalt altar of Yredelemnul.
 14520 | D:11     | Noticed Psyche
 14522 | D:11     | Noticed an unseen horror
 14523 | D:11     | Killed Psyche
 14551 | D:10     | Killed an unseen horror
 15224 | D:11     | Noticed a cyclops
 15315 | D:11     | Noticed Nergalle
 15328 | D:11     | Killed Nergalle
 15329 | D:11     | Reached skill level 5 in Crossbows
 15503 | D:11     | Noticed a seven-headed hydra
 15509 | D:11     | Killed a seven-headed hydra
 15622 | D:11     | Killed a cyclops
 15991 | D:11     | Reached skill level 10 in Long Blades
 15991 | D:11     | Reached XP level 12. HP: 85/85 MP: 12/12
 16305 | D:11     | You fall into a shaft and drop 2 floors!
 16337 | D:13     | Noticed Urug
 16360 | D:12     | Noticed a two-headed ogre
 16370 | D:12     | Killed a two-headed ogre
 17692 | D:12     | You fall into a shaft and drop 1 floor!
 18053 | D:12     | Noticed Fannar
 18073 | D:12     | HP: 2/85 [Fannar/refrigeration (23)]
 18074 | D:12     | Killed Fannar
 19901 | D:12     | Noticed a catoblepas
 19910 | D:12     | Killed a catoblepas
 20958 | Lair:2   | Noticed Gastronok
 21054 | Lair:2   | Killed Gastronok
 21271 | Lair:2   | Reached XP level 13. HP: 90/90 MP: 13/13
 21723 | Lair:2   | Reached skill level 10 in Fighting
 22028 | Lair:2   | Found a shadowy altar of Dithmenos.
 22532 | Lair:1   | Bought the ring "Zoij Vadi" {rPois Str-4 Int+6 Dex+7
                  | Stlth+} for 1418 gold pieces
 22727 | Lair:3   | Reached skill level 10 in Dodging
 24368 | Lair:3   | Found a staircase to the Swamp.
 24817 | Lair:4   | Found a hole to the Spider Nest.
 24820 | Lair:4   | Found a burning altar of Makhleb.
 24829 | Lair:4   | Identified the +4 rapier of Conflict {vorpal, Str+4}
 26891 | Lair:5   | Found a runed translucent door.
 26891 | Lair:5   | Found a viscous altar of Jiyva.
 26895 | Lair:5   | Noticed an acid blob
 26895 | Lair:5   | Noticed an acid blob
 26896 | Lair:5   | Found a staircase to the Slime Pits.
 26897 | Lair:5   | Noticed an acid blob
 27079 | Lair:5   | Reached XP level 14. HP: 93/103 MP: 14/14
 28478 | Lair:1   | Identified the Incunabulum of Attacks and Envenoming
 28721 | D:13     | Killed Urug
 28861 | D:13     | Noticed Frances
 28873 | D:13     | Killed from afar by Frances

Illustrated notes

Levels and vault maps discovered:
D:1:      dpeg_arrival_concentric_ovals, layout_basic
D:2:      layout_loops_ring, pdpol_temple_overflow_zin_treasury_gozag_greed,
          grunt_temple_overflow_magic_moments,
          chequers_ecumenical_altar_simple_redux, bh_walls_and_bars
D:3:      layout_loops_cross, lemuel_coloured_pillars_altar,
          lemuel_crystal_altar, yredelemnul_forgotten_temple_becter,
          nicolae_tso_carved_into_rock, uniq_sigmund, uniq_ijyb, uniq_grinder
D:4:      minmay_skewed_foursquare, layout_cave_pods,
          makhleb_blood_cavern_becter
D:5:      gammafunk_wand_slinger, layout_loops_ring,
          grunt_temple_overflow_diamond, gammafunk_ghost_hive, uniq_pikel
D:6:      layout_gridville, minmay_temple_entry_enclosed_plants,
          corexii_hall_statues_i, grunt_ministairs_7
D:7:      layout_gridville, serial_shops, shop
D:8:      layout_basic, nemelex_altar_shiori, elyvilon_altar_5,
          hellmonk_ghost_happy_afterlife
D:9:      layout_roguey, due_lair_maze_entry_diamond, palyth_stone_intersect
D:10:     layout_loops_ring, david_orc_1_choice, ldierk_geyser,
          lemuel_hellish_altar
D:11:     layout_loops_cross, minmay_misc_feat_ornament, uniq_nergalle,
          uniq_psyche
D:12:     four-leaf_vault, layout_cave_pools, minmay_misc_feat_diagonals,
          uniq_fannar
D:13:     layout_loops_ring, skrybe_vaults_entry_preservation, serial_shops,
          kennysheep_mini, uniq_urug, uniq_frances, uniq_azrael, uniq_rupert
Lair:1:   layout_long_grid, grunt_megastairs_3, infiniplex_staircase_pool_2,
          minmay_lair_oklob_chamber, serial_bayou_shore_a
Lair:2:   layout_roguey, basic_altar, uniq_gastronok
Lair:3:   layout_loops_ring, skrybe_swamp_entry_bodies
Lair:4:   layout_hall_layers, dummy_spider_entry, basic_altar, minivault_11,
          chequers_serial_rivers_micro_d, worms_lemuel
Lair:5:   layout_loops_ring, slime_altar_2, special_room [special_room_bee],
          grunt_forest_small_clearing_treed

Skill      XL: |  1  2  3  4  5  6  7  8  9 10 11 12 13 14 |
---------------+-------------------------------------------+-----
Stealth        | 2 3 7 9 |  9.8
Fighting       | 4 5 7 9 12 | 12.0
Long Blades    | 4 5 6 8 9 10 11 12 | 12.0
Dodging        | 5 7 8 9 11 12 | 12.0
Shields        | 5 7 9 |  9.0
Evocations     | 1 3 5 6 |  6.7
Crossbows      | 5 6 |  6.0
Slings         | |  0.2

Action                   |  1- 3 |  4- 6 |  7- 9 | 10-12 | 13-15 || total
-------------------------+-------+-------+-------+-------+-------++-------
Melee: Long sword        |    45 |    38 |    32 |       |       ||   115
       Constrict         |    16 |    12 |    47 |    51 |    37 ||   163
       Tentacles         |     9 |    12 |    44 |   135 |   111 ||   311
       Scimitar          |       |       |   180 |   389 |   282 ||   851
       Short sword       |       |       |       |    13 |     6 ||    19
       Rapier            |       |       |       |       |     7 ||     7
       Hand crossbow     |       |       |       |       |     1 ||     1
 Fire: Hunting sling     |    49 |    42 |   125 |       |       ||   216
       Hand crossbow     |       |       |    41 |   250 |   122 ||   413
Throw: Boomerang         |     7 |     5 |    16 |    26 |     3 ||    57
       Dart              |       |     5 |       |     5 |       ||    10
       Javelin           |       |       |       |       |    14 ||    14
Invok: Call Merchant     |       |       |       |     2 |     1 ||     3
Evoke: Wand              |       |       |     1 |     4 |    34 ||    39
  Use: Scroll            |       |     4 |     8 |    13 |    10 ||    35
       Potion            |       |       |       |     4 |     1 ||     5
 Stab: Sleeping          |     5 |     1 |     2 |     6 |     5 ||    19
       Paralysed         |       |       |     3 |     2 |     2 ||     7
       Distracted        |       |       |       |     4 |     7 ||    11
Armor: Skin              |    12 |     4 |    33 |    30 |    23 ||   102
Dodge: Dodged            |    11 |    21 |   102 |   206 |   170 ||   510
Block: Kite shield       |    25 |    11 |    82 |   180 |   154 ||   452
       Rpst.: Long sword |     6 |     6 |     2 |       |       ||    14
       Scimitar          |       |       |    24 |    52 |    34 ||   110

Table legend: (Time is in decaauts)
 A = Elapsed time spent in this place.
 B = Non-inter-level travel time spent in this place.
 C = Inter-level travel time spent in this place.
 D = Time resting spent in this place.
 E = Time spent auto-exploring this place.
 F = Levels seen in this place.
 G = Mean time per level.
                   A        B        C        D        E       F      G
               +--------+--------+--------+--------+--------+-----+--------+
         Total |  29422 |  27665 |   1757 |  10455 |  11141 |  18 | 1634.6 |
       Dungeon |  19477 |  18510 |    967 |   6664 |   7925 |  13 | 1498.2 |
          Lair |   9944 |   9154 |    790 |   3790 |   3216 |   5 | 1988.8 |
               +--------+--------+--------+--------+--------+-----+--------+

Top non-repeatable levels by time:
  Lair:1: 3019 daAuts
  Lair:3: 2767 daAuts
    D:12: 2683 daAuts
     D:9: 2252 daAuts
    D:11: 2236 daAuts
    D:10: 2087 daAuts
     D:5: 1532 daAuts
     D:3: 1482 daAuts
  Lair:4: 1406 daAuts
  Lair:5: 1400 daAuts
  Lair:2: 1351 daAuts
     D:1: 1298 daAuts
     D:7: 1291 daAuts
     D:2: 1241 daAuts
     D:4: 1122 daAuts
